 Dungeon Crawl Stone Soup version 0.16-a0-2984-g889390b (webtiles) character file.

138 BluebellGnoll the Sneak (level 5, -1/24 HPs)
             Began as a Spriggan Enchanter on Dec 6, 2014.
             Killed from afar by a goblin (7 damage)
             ... with a wand of magic darts
             ... on level 3 of the Dungeon.
             The game lasted 00:09:19 (2283 turns).

BluebellGnoll the Sneak (Spriggan Enchanter)        Turns: 2283, Time: 00:09:20

Health: -1/24      AC:  3    Str:  4    XL:     5   Next: 1%
Magic:  14/14      EV: 19    Int: 18    God:
Gold:   165        SH:  0    Dex: 16    Spells: 3 memorised, 3 levels left

rFire  . . .     SeeInvis +     l - +1 dagger (flame)
rCold  . . .     Clarity  .     b - +1 robe
rNeg   . . .     SustAb   +     (shield restricted)
rPois  +         Gourm    .     (helmet restricted)
rElec  .         Spirit   .     (no cloak)
rCorr  .         Warding  .     (gloves unavailable)
rMut   .         Stasis   .     (boots unavailable)
MR     .....                    (no amulet)
Stlth  ++++......               v - ring of poison resistance
                                t - ring of sustain abilities

@: very quick, not resistant to hostile enchantments, stealthy
A: unfitting armour, see invisible, herbivore 3, speed 3, slow metabolism 2
a: no special abilities


You were on level 3 of the Dungeon.
You were full.

You visited 1 branch of the dungeon, and saw 3 of its levels.

You collected 165 gold pieces.

Inventory:

Hand weapons
 a - a +1 dagger
 l - a +1 dagger of flaming (weapon)
 n - a +0 hunting sling
Missiles
 h - 8 sling bullets of flame
 j - a throwing net (quivered)
 p - 4 tomahawks
 u - 23 sling bullets
Armour
 b - a +1 robe (worn)
Jewellery
 o - an uncursed ring of teleportation
 t - a ring of sustain abilities (left hand)
 v - a ring of poison resistance (right hand)
Scrolls
 e - 4 scrolls of immolation
 i - a scroll of remove curse
 k - a scroll of recharging {unknown}
 q - 2 scrolls of amnesia {unknown}
 w - a scroll of fear {unknown}
 x - a scroll of teleportation
Potions
 f - a potion of heal wounds {unknown}
 g - a potion of resistance {unknown}
 m - a potion of restore abilities
 r - a potion of brilliance {unknown}
Books
 c - a book of Maledictions

   Spells                             Type                      Level
   a - Corona                         Hexes                        1
   b - Sure Blade                     Hexes/Charms                 2
   c - Ensorcelled Hibernation        Hexes/Ice                    2
   d - Confuse                        Hexes                        3
   e - Dazzling Spray                 Conjuration/Hexes            3
   f - Enslavement                    Hexes                        4
Comestibles
 d - 2 bread rations
 s - a slice of pizza


   Skills:
 - Level 3.2 Short Blades
 * Level 3.6 Dodging
 + Level 7.2 Stealth
 - Level 2.6 Spellcasting
 - Level 3.6 Hexes


You had 3 spell levels left.
You knew the following spells:

 Your Spells              Type           Power        Failure   Level  Hunger
a - Corona                Hex            ###....      4%          1    #......
b - Ensorcelled Hibernat  Hex/Ice        #.....       14%         2    ##.....
c - Confuse               Hex            ###.....     14%         3    ###....


Dungeon Overview and Level Annotations

Branches:
Dungeon (3/15)

Altars:
Trog
Vehumet
The Shining One


Innate Abilities, Weirdness & Mutations

You are tiny and cannot use many weapons and most armour.
You have supernaturally acute eyesight.
You are a herbivore.
You cover ground extremely quickly.
You need consume almost no food.


Message History

An adder comes into view.
A goblin comes into view.
Found a radiant altar of Vehumet.
An adder comes into view.
The goblin zaps a wand.
The magic dart hits you!
It is a wand of magic darts.
The helpless adder fails to defend itself.
You impale the adder!! You burn the adder.
You kill the adder!
The goblin zaps a wand.
The magic dart hits you!
* * * LOW HITPOINT WARNING * * *
You are too injured to fight recklessly!
You are too injured to fight recklessly!
You are too injured to fight recklessly!
The helpless adder fails to defend itself.
You impale the adder!! You burn the adder.
You kill the adder!
You have reached level 5!
You feel clever.
The goblin zaps a wand.
The magic dart hits you!
You die...

# ## . .. .. ... #. #.
#.# #. #. #.#..# #.
####.#####.#..# #.
#...†...##.#..# #.
....#@..##.#....#####.
#.........#.##.#.......
##.#._g#.....#.#######.
............#.###...#.
.....#...........)...#.
#........##............
.###.#####.###.###.###
#. #.# #.# #.# . #.#
#.# #.#


You could see a goblin.

Vanquished Creatures
  7 adders
  A gnoll (D:1)
  A worm (D:2)
  2 oozes (D:1)
  An orc (D:3)
  14 bats
  A bat zombie (D:1)
  8 hobgoblins
  2 jackals (D:1)
  A quokka (D:2)
  3 giant cockroaches
  A giant cockroach zombie (D:1)
  3 giant newts
  7 goblins
  5 kobolds
  2 rats
59 creatures vanquished.

Notes
Turn   | Place    | Note
--------------------------------------------------------------
     0 | D:1      | BluebellGnoll, the Spriggan Enchanter, began the quest for the Orb.
     0 | D:1      | Reached XP level 1. HP: 9/9 MP: 4/4
   117 | D:1      | Reached skill level 5 in Stealth
   200 | D:1      | Reached XP level 2. HP: 7/13 MP: 7/7
   346 | D:1      | Learned a level 2 spell: Ensorcelled Hibernation
   353 | D:1      | Reached skill level 6 in Stealth
   498 | D:1      | Reached XP level 3. HP: 14/16 MP: 9/9
   503 | D:1      | Learned a level 3 spell: Confuse
  1659 | D:2      | Reached XP level 4. HP: 21/21 MP: 6/12
  2002 | D:3      | Found a glowing golden altar of the Shining One.
  2054 | D:3      | Found a bloodstained altar of Trog.
  2247 | D:3      | Reached skill level 7 in Stealth
  2275 | D:3      | Found a radiant altar of Vehumet.
  2283 | D:3      | Reached XP level 5. HP: 6/24 MP: 14/14
  2283 | D:3      | Killed from afar by a goblin

Action                   |  1- 3 |  4- 6 || total
-------------------------+-------+-------++-------
Melee: Dagger            |   155 |    51 ||   206
 Cast: Ensorcelled Hiber |     4 |     8 ||    12
       Corona            |     3 |     2 ||     5
  Use: Scroll            |     5 |       ||     5
 Stab: Sleeping          |    11 |    10 ||    21
       Distracted        |     1 |       ||     1
  Eat: Fruit             |     4 |       ||     4
